 Dungeon Crawl Stone Soup version 0.17.1-3-g152610e (webtiles) character file.

182 Locuples the Chopper (level 5, -9/45 HPs)
             Began as a Draconian Gladiator on Apr 12, 2016.
             Mangled by Crazy Yiuf
             ... wielding a +4 quarterstaff of chaos
              (10 damage)
             ... on level 3 of the Dungeon on Apr 13, 2016.
             The game lasted 00:10:01 (2509 turns).

Locuples the Chopper (Draconian Gladiator)          Turns: 2509, Time: 00:10:01

Health: -9/45      AC:  6    Str: 19      XL:     5   Next: 35%
Magic:  5/5        EV: 12    Int: 13      God:
Gold:   112        SH:  0    Dex:  8 (11) Spells: 0 memorised, 4 levels left

rFire  . . .     SeeInvis +     a - +1 war axe
rCold  . . .     Clarity  .     (armour unavailable)
rNeg   . . .     SustAt   .     (no shield)
rPois  .         Gourm    .     b - +0 hat
rElec  .         Spirit   .     (no cloak)
rCorr  .         Warding  .     p - +0 pair of gloves
rMut   .         Stasis   .     (no boots)
MR     .....                    (no amulet)
Stlth  +.........               (no ring)
                                i - ring of see invisible

@: brilliant, lethally poisoned (-9 -> -23), slowed, very slow, not resistant to
hostile enchantments, very unstealthy
A: unfitting armour, cold-blooded, AC +5
a: no special abilities


You were on level 3 of the Dungeon.
You were not hungry.

You visited 1 branch of the dungeon, and saw 3 of its levels.

You collected 112 gold pieces.

Inventory:

Hand Weapons
 a - a +1 war axe (weapon)
Missiles
 c - 3 throwing nets (quivered)
Armour
 b - a +0 hat (worn)
 p - a +0 pair of gloves (worn)
Jewellery
 i - a ring of see invisible (left hand)
Scrolls
 f - a scroll of fog
 n - 2 scrolls of random uselessness {unknown}
Potions
 j - a potion of might {unknown}
 m - a potion of heal wounds {unknown}
 o - a potion of magic {unknown}
Comestibles
 d - 3 bread rations
 g - 3 meat rations
 l - 2 fruits
 r - a slice of pizza


   Skills:
 + Level 3.6 Fighting
 * Level 4.1 Axes
 - Level 1.7 Throwing
 + Level 4.1 Dodging


You had 4 spell levels left.
You didn't know any spells.

Dungeon Overview and Level Annotations

Branches:
Dungeon (3/15)

Altars:
Ashenzari

Annotations:
D:3 Crazy Yiuf


Innate Abilities, Weirdness & Mutations

Your plain brown scales are hard (AC +5).
Your body does not fit into most forms of armour.
You are cold-blooded and may be slowed by cold attacks.


Message History

Crazy Yiuf hits you with a quarterstaff of chaos.
You are more poisoned.
Drink which item? (? for menu, Esc to quit)
It was a potion of brilliance.
You feel clever all of a sudden.
You feel sick.
Crazy Yiuf hits you with a quarterstaff of chaos!
* * * LOW HITPOINT WARNING * * *
Crazy Yiuf freezes you.
* * * LOW HITPOINT WARNING * * *
You feel yourself slow down.
You hit Crazy Yiuf.
Crazy Yiuf is heavily wounded.
* * * LOW HITPOINT WARNING * * *
You feel very sick.
Crazy Yiuf says, "Mama toodlewoodle koolooloo!"
Crazy Yiuf hits you with a quarterstaff of chaos!
* * * LOW HITPOINT WARNING * * *
You are electrocuted!
You die...

###########.######.#
............#
.############ .# ###
.# #.. .# #.#
####### .#
#.####...#.### ###
.#
#.........#..##...#
.#
#†#......####@g...#
.# #.##.#..##
###..)# .# #.#######
### .###.# .....#
######


You could see Crazy Yiuf.

Vanquished Creatures
  Jessica (D:2)
  6 adders
  2 oozes (D:1)
  5 worms
  A giant gecko (D:2)
  An orc (D:3)
  3 ball pythons
  5 bats
  5 giant cockroaches
  9 hobgoblins
  8 jackals
  A quokka (D:2)
  3 giant newts
  9 goblins
  8 kobolds
  8 rats
75 creatures vanquished.

Vanquished Creatures (others)
  2 plants (D:3)
2 creatures vanquished.

Grand Total: 77 creatures vanquished

Notes
Turn   | Place    | Note
--------------------------------------------------------------
     0 | D:1      | Locuples the Draconian Gladiator began the quest for the Orb.
     0 | D:1      | Reached XP level 1. HP: 17/17 MP: 1/1
    53 | D:1      | Reached XP level 2. HP: 19/25 MP: 2/2
   264 | D:1      | Reached XP level 3. HP: 19/30 MP: 3/3
   666 | D:1      | You fall through a shaft!
  1278 | D:2      | Reached XP level 4. HP: 29/38 MP: 4/4
  1646 | D:2      | Noticed Jessica
  1656 | D:2      | Killed Jessica
  1656 | D:2      | Reached skill level 4 in Axes
  1656 | D:2      | Reached XP level 5. HP: 41/45 MP: 5/5
  2439 | D:3      | Found a shattered altar of Ashenzari.
  2502 | D:3      | Noticed Crazy Yiuf
  2509 | D:3      | HP: 1/45 [Crazy Yiuf/quarterstaff of chaos (7)]
  2509 | D:3      | Mangled by Crazy Yiuf

Action                   |  1- 3 |  4- 6 || total
-------------------------+-------+-------++-------
Melee: War axe           |    94 |   118 ||   212
  Use: Scroll            |       |     7 ||     7
       Potion            |       |     2 ||     2
 Stab: Sleeping          |     2 |     1 ||     3
  Eat: Chunk             |       |     5 ||     5
